 Dungeon Crawl Stone Soup version 0.31.0-9-g3a7656b989 (webtiles) character file.

Game seed: 212604011251693776

6971 qw the Skirmisher (level 10, -5/61 HPs)
             Began as a Deep Elf Hunter on Feb 2, 2024.
             Was an Elder of Okawaru.
             Slain by a cane toad (20 damage)
             ... summoned by an orange crystal statue
             ... on level 1 of the Lair of Beasts.
             The game lasted 00:00:52 (8677 turns).

qw the Skirmisher (Deep Elf Hunter)                 Turns: 8677, Time: 00:00:52

Health: -5/61      AC:  9    Str: 12    XL:     10   Next: 81%
Magic:  10/17      EV: 15    Int: 15    God:    Okawaru [****..]
Gold:   758        SH:  5    Dex: 18    Spells: 9/9 levels left

rFire   + . .        a - +6 shortbow
rCold   . . .        (shield currently unavailable)
rNeg    . . .        f - +0 ring mail
rPois   +            c - +0 helmet
rElec   .            (no cloak)
rCorr   .            (no gloves)
SInv    .            h - +0 pair of boots
Will    +....        d - amulet of reflection
Stlth   +            i - ring of protection from fire
HPRegen 0.30/turn    k - ring of poison resistance
MPRegen 0.15/turn

%: reflection
@: finesse-ful
A: iridescent scales 1, teleportitis 1
a: Renounce Religion, Heroism, Finesse


You were on level 1 of the Lair of Beasts.
You worshipped Okawaru.
Okawaru was greatly pleased with you.
You visited 3 branches of the dungeon, and saw 11 of its levels.
You also visited: Sewer.

You collected 758 gold pieces.


Innate Abilities, Weirdness & Mutations

You are partially covered in iridescent scales. (AC +2)
You are occasionally teleported next to monsters.


   Skills:
 + Level 6.6 Fighting
 - Level 14.1 Ranged Weapons
 - Level 3.0 Armour
 - Level 9.1 Dodging
 - Level 1.2 Stealth
 + Level 7.4 Invocations


You had 9 spell levels left.
You didn't know any spells.
Your spell library was empty.

Inventory:

Hand Weapons
 a - a +6 shortbow (weapon)
Armour
 c - a +0 helmet (worn)
 f - a +0 ring mail (worn)
 h - a +0 pair of boots (worn)
Jewellery
 d - an amulet of reflection (around neck)
 i - a ring of protection from fire (left hand)
 k - a ring of poison resistance (right hand)
 Y - a ring of positive energy
Wands
 b - a wand of roots (13)
 g - a wand of paralysis (5)
 l - a wand of polymorph (3)
 n - a wand of mindburst (17)
Scrolls
 p - 5 scrolls of identify
Potions
 e - 2 potions of might
 m - a potion of magic
 o - 3 potions of cancellation
 r - a potion of resistance

Dungeon Overview and Level Annotations

Branches:
Dungeon (9/15)             Temple (1/1) D:4            Lair (1/5) D:9
  Sewer (visited)
    Orc: D:9-12

Altars:
Ashenzari
Cheibriados
Dithmenos
Elyvilon
Fedhas
Gozag
Hepliaklqana
Kikubaaqudgha
Makhleb
Nemelex Xobeh
Okawaru
Qazlal
Ru
Sif Muna
Uskayaw
Vehumet
Wu Jian
Xom
Yredelemnul
Zin
The Shining One

Shops:
D:6 [

Annotations:
D:3 2 transporters


Message History

The cane toad stings you!
You shoot an arrow. The arrow hits the cane toad!
The cane toad is moderately wounded.
You shoot an arrow. The arrow hits the cane toad!
The cane toad is heavily wounded.
The cane toad stings you but does no damage.
You shoot an arrow. The arrow closely misses the cane toad.
You shoot an arrow. The arrow hits the cane toad.
The cane toad is heavily wounded.
The cane toad stings you!
You shoot an arrow. The arrow closely misses the cane toad.
You shoot an arrow. The arrow hits the cane toad!!
You kill the cane toad!
The cane toad's corpse dissolves into shadows!
You shoot an arrow. The arrow hits the bullfrog.
The bullfrog is lightly wounded.
The bullfrog hits you.
You shoot an arrow. The arrow hits the bullfrog!
The bullfrog is severely wounded.
You shoot an arrow. The arrow barely misses the bullfrog.
The bullfrog hits you.
You shoot an arrow. The arrow hits the bullfrog.
The bullfrog is almost dead.
You shoot an arrow. The arrow hits the bullfrog.
You kill the bullfrog!
The bullfrog's corpse dissolves into shadows!
You shoot an arrow. The arrow hits the komodo dragon!
The komodo dragon is lightly wounded.
You shoot an arrow. The arrow hits the cane toad.
The cane toad is lightly wounded.
You shoot an arrow. The arrow hits the cane toad.
The cane toad is moderately wounded.
You shoot an arrow. The arrow hits the cane toad.
The cane toad is heavily wounded.
You block the cane toad's attack.
You shoot an arrow. The arrow hits the cane toad.
The cane toad is heavily wounded.
You shoot an arrow. The arrow closely misses the cane toad.
The cane toad stings you!!
You die...

######## ##......#
##.......###
#..........## #
##....#P###..#.#
##..#.#######@).#
##.###..####.F##..#
##.###........l.#.##
##.##............#..
(.##...............##
..##..............##
..#.......~.~......#
........~~~¤~......#
#P......~>(~~¤¤.¤..#


You could see a komodo dragon (summoned) and a cane toad (summoned).

Vanquished Creatures
  Nergalle (Lair:1)
  2 komodo dragons
  Prince Ribbit (D:9)
  A shadow (D:9)
  Sigmund (D:3)
  A wraith (D:6)
  9 yaks (D:9)
  Grum (D:8)
  A wyvern (D:9)
  3 steam dragons
  4 water moccasins
  An orc warrior (D:6)
  2 ice beasts
  A sky beast (D:6)
  2 black bears
  3 wolves (D:7)
  An ogre (D:6)
  2 kobold brigands
  A bullfrog (D:3)
  2 brain worms (Sewer)
  5 scorpions
  11 killer bees
  An electric eel (D:7)
  3 howler monkeys (D:9)
  A bombardier beetle (D:4)
  2 lava snakes (Lair:1)
  2 hounds (D:5)
  2 orc priests
  Ijyb (D:3)
  2 gnoll boudas
  An iguana (D:6)
  3 orc wizards
  Robin (D:2)
  11 gnolls
  13 adders
  A shadow imp (D:6)
  2 white imps
  2 ufetubi (D:7)
  4 ribbon worms
  A dart slug (D:1)
  21 orcs
  11 bats
  13 endoplasms
  3 giant cockroaches
  11 goblins
  7 hobgoblins
  3 jackals (D:3)
  4 quokkas
  13 ball pythons
  3 frilled lizards (Sewer)
  11 kobolds
  13 rats
222 creatures vanquished.

Notes
Turn   | Place    | Note
-------+----------+-------------------------------------------
     0 | D:1      | qw the Deep Elf Hunter began the quest for the Orb.
     0 | D:1      | Reached XP level 1. HP: 12/12 MP: 3/3
     0 | D:1      | 0 ||| qw: Version: 0.3-a-155-g5e7d8dd
     0 | D:1      | 0 ||| qw: Game counter: 2279
     0 | D:1      | 0 ||| qw: Melee chars always use a shield: true
     0 | D:1      | 0 ||| qw: God list: Okawaru
     0 | D:1      | 0 ||| qw: Allow faded altars: false
     0 | D:1      | 0 ||| qw: Do Orc after clearing Dungeon:15 true
     0 | D:1      | 0 ||| qw: Do second Lair branch before Depths: true
     0 | D:1      | 0 ||| qw: Lair rune preference: random
     0 | D:1      | 0 ||| qw: Goals: Normal
     0 | D:1      | 0 ||| PLANNING D:1-11
   176 | D:1      | Reached skill level 6 in Ranged Weapons
   176 | D:1      | Reached XP level 2. HP: 16/16 MP: 4/4
   512 | D:1      | Reached XP level 3. HP: 20/20 MP: 5/5
   929 | D:1      | 929 ||| UPGRADING to +0 ring mail.
   939 | D:1      | 939 ||| DROPPING +0 leather armour.
   940 | D:1      | 940 ||| READING 2 scrolls labelled KIMIDOA YCEOCS.
   945 | D:1      | 945 ||| READING 2 scrolls labelled YCEQAA WUEGUNI.
   946 | D:1      | 946 ||| DRINKING 2 bubbling blue potions.
   947 | D:1      | 947 ||| DROPPING scroll of butterflies.
   948 | D:1      | 948 ||| DROPPING scroll of fear.
  1131 | D:2      | Reached skill level 7 in Ranged Weapons
  1330 | D:2      | Noticed Robin
  1343 | D:2      | Killed Robin
  1344 | D:2      | Reached XP level 4. HP: 20/25 MP: 6/6
  1703 | D:2      | Found a faded altar of an unknown god.
  1930 | D:2      | 1930 ||| UPGRADING to +0 helmet.
  1935 | D:2      | 1935 ||| READING 2 scrolls labelled WAETIA ZYOGERR.
  1935 | D:2      | 1935 ||| ENCHANTING +0 shortbow.
  1936 | D:2      | 1936 ||| READING scroll of enchant weapon.
  1936 | D:2      | 1936 ||| ENCHANTING +1 shortbow.
  1937 | D:2      | 1937 ||| READING scroll labelled GAVACAQERAA.
  1937 | D:2      | 1937 ||| IDENTIFYING emerald potion
  1938 | D:2      | 1938 ||| READING scroll labelled ROEDANW FEUMI.
  1939 | D:2      | 1939 ||| DROPPING potion of degeneration.
  2029 | D:3      | 2029 ||| READING scroll of enchant weapon.
  2029 | D:3      | 2029 ||| ENCHANTING +2 shortbow.
  2061 | D:3      | Found a transporter.
  2088 | D:3      | Reached skill level 8 in Ranged Weapons
  2111 | D:3      | 2111 ||| READING scroll of enchant weapon.
  2111 | D:3      | 2111 ||| ENCHANTING +3 shortbow.
  2111 | D:3      | Noticed a water moccasin
  2119 | D:3      | Killed a water moccasin
  2120 | D:3      | Reached skill level 9 in Ranged Weapons
  2120 | D:3      | Reached XP level 5. HP: 16/29 MP: 7/7
  2248 | D:3      | Reached XP level 6. HP: 25/36 MP: 8/8
  2333 | D:3      | Noticed Sigmund
  2338 | D:3      | Killed Sigmund
  2339 | D:3      | Reached skill level 10 in Ranged Weapons
  2508 | D:3      | Found a transporter.
  2521 | D:3      | Noticed Ijyb
  2527 | D:3      | Killed Ijyb
  2528 | D:3      | Reached skill level 3 in Dodging
  2661 | D:3      | 2661 ||| UPGRADING to +0 pair of boots.
  2666 | D:3      | 2666 ||| UPGRADING to ring of positive energy.
  2667 | D:3      | 2667 ||| READING scroll labelled TOKERR OCVESH.
  2668 | D:3      | 2668 ||| READING scroll labelled BIVVAM RUTSAWN.
  2692 | D:4      | Reached skill level 1 in Armour
  2692 | D:4      | Reached XP level 7. HP: 38/40 MP: 9/9
  2827 | D:4      | Found a staircase to the Ecumenical Temple.
  2828 | D:4      | 2828 ||| PLANNING TEMPLE
  2892 | Temple   | Entered the Ecumenical Temple
  2893 | Temple   | 2893 ||| PLANNING OKAWARU WORSHIP
  2901 | Temple   | Became a worshipper of Warmaster Okawaru
  2902 | Temple   | 2902 ||| PLANNING D:1-11
  2937 | D:4      | Found a shadowy altar of Dithmenos.
  2966 | D:4      | Reached skill level 11 in Ranged Weapons
  3020 | D:4      | Noticed a +0 spear
  3020 | D:4      | Noticed a +0 falchion
  3020 | D:4      | Noticed a +0 dagger
  3021 | D:4      | Noticed a +0 spear
  3021 | D:4      | Noticed a +0 short sword
  3021 | D:4      | Noticed a +0 short sword
  3021 | D:4      | Noticed a +0 falchion
  3022 | D:4      | Noticed a +0 dagger
  3026 | D:4      | 3026 ||| DRINKING 3 glowing purple potions.
  3037 | D:4      | Found a hide-covered altar of Uskayaw.
  3145 | D:4      | HP: 5/40 [gnoll/+0 halberd[a gnoll bouda] (8)]
  3146 | D:4      | 3146 ||| READING scroll of teleportation.
  3445 | D:4      | Reached * piety under Okawaru
  3446 | D:4      | Reached skill level 12 in Ranged Weapons
  3473 | D:4      | Found a broken altar of Ashenzari.
  3528 | D:5      | Entered Level 5 of the Dungeon
  3563 | D:5      | 3563 ||| DRINKING viscous dark potion.
  3564 | D:5      | 3564 ||| DRINKING bubbling black potion.
  3565 | D:5      | 3565 ||| DRINKING brown potion.
  3566 | D:5      | 3566 ||| DRINKING amethyst potion.
  3566 | D:5      | Gained mutation: You are occasionally teleported next to
                  | monsters. [potion of mutation]
  3566 | D:5      | Gained mutation: You are partially covered in iridescent
                  | scales. (AC +2) [potion of mutation]
  3567 | D:5      | 3567 ||| DRINKING fizzy emerald potion.
  3578 | D:5      | Reached skill level 1 in Invocations
  3578 | D:5      | Reached XP level 8. HP: 36/45 MP: 10/10
  3697 | D:5      | Reached skill level 3 in Fighting
  3713 | D:5      | Found a blossoming altar of Fedhas.
  3847 | D:5      | Reached skill level 3 in Invocations
  3973 | D:5      | Found a burning altar of Makhleb.
  4085 | D:5      | 4085 ||| UPGRADING to amulet of reflection.
  4090 | D:5      | 4090 ||| UPGRADING to ring of poison resistance.
  4091 | D:5      | 4091 ||| READING scroll labelled HIDIDDAOM RIECW.
  4208 | D:6      | Found a sacrificial altar of Ru.
  4209 | D:6      | 4209 ||| PLANNING SEWER
  4452 | D:6      | Found a glowing drain.
  4457 | D:6      | Reached ** piety under Okawaru
  4472 | D:6      | 4472 ||| UPGRADING to ring of protection from fire.
  4493 | Sewer    | Entered a sewer
  4557 | Sewer    | 4557 ||| READING scroll of enchant weapon.
  4557 | Sewer    | 4557 ||| ENCHANTING +4 shortbow.
  4564 | Sewer    | Reached skill level 13 in Ranged Weapons
  4803 | Sewer    | 4803 ||| READING scroll labelled ADIMISY PAME.
  4804 | Sewer    | 4804 ||| DRINKING 2 smoky brown potions.
  4831 | D:6      | 4831 ||| PLANNING D:1-11
  4873 | D:6      | 4873 ||| INVOKING Heroism.
  4943 | D:6      | Reached XP level 9. HP: 50/50 MP: 14/14
  4956 | D:6      | Found Ucroewn's Armour Shoppe.
  4969 | D:6      | 4969 ||| SHOPLISTING +4 scale mail of fire resistance (403
                  | gold, have 397).
  5096 | D:6      | Reached skill level 14 in Ranged Weapons
  5233 | D:6      | 5233 ||| DROPPING wand of flame (7).
  5324 | D:7      | Found a glowing golden altar of the Shining One.
  5325 | D:7      | Found a shimmering blue altar of Sif Muna.
  5921 | D:7      | Found a snail-covered altar of Cheibriados.
  5922 | D:7      | 5922 ||| READING 2 scrolls of identify.
  5922 | D:7      | 5922 ||| IDENTIFYING white potion
  5923 | D:7      | 5923 ||| DROPPING potion of lignification.
  5961 | D:8      | Found a hazy altar of Hepliaklqana.
  5966 | D:8      | 5966 ||| STAIRDANCE
  5966 | D:8      | Noticed Grum
  5986 | D:8      | 5986 ||| STAIRDANCE
  5994 | D:8      | 5994 ||| STAIRDANCE
  6006 | D:7      | Reached *** piety under Okawaru
  6132 | D:8      | 6132 ||| STAIRDANCE
  6138 | D:7      | Reached skill level 6 in Dodging
  6182 | D:8      | 6182 ||| STAIRDANCE
  6239 | D:8      | 6239 ||| STAIRDANCE
  6359 | D:8      | 6359 ||| STAIRDANCE
  6449 | D:8      | Killed Grum
  6559 | D:8      | Identified the maw talisman of the Ageless Wars {rC++}
  6635 | D:8      | 6635 ||| READING scroll of enchant weapon.
  6635 | D:8      | 6635 ||| ENCHANTING +5 shortbow.
  7079 | D:8      | 7079 ||| READING 3 scrolls of identify.
  7079 | D:8      | 7079 ||| IDENTIFYING 2 scrolls labelled KIAXAY XETU
  7080 | D:8      | 7080 ||| DROPPING 2 scrolls of poison.
  7089 | D:9      | 7089 ||| RETREEEEATING.
  7091 | D:9      | 7091 ||| RETREEEEATING.
  7092 | D:9      | 7092 ||| RETREEEEATING.
  7093 | D:9      | 7093 ||| RETREEEEATING.
  7097 | D:9      | 7097 ||| RETREEEEATING.
  7098 | D:9      | 7098 ||| RETREEEEATING.
  7099 | D:9      | 7099 ||| RETREEEEATING.
  7220 | D:9      | 7220 ||| INVOKING Heroism.
  7232 | D:9      | Reached XP level 10. HP: 60/60 MP: 13/15
  7238 | D:9      | Reached **** piety under Okawaru
  7246 | D:9      | Reached skill level 6 in Fighting
  7495 | D:9      | 7495 ||| RETREEEEATING.
  7498 | D:9      | Noticed Prince Ribbit
  7512 | D:9      | Reached skill level 3 in Armour
  7528 | D:9      | Killed Prince Ribbit
  7580 | D:9      | 7580 ||| RETREEEEATING.
  7590 | D:9      | Reached ***** piety under Okawaru
  7608 | D:9      | Reached skill level 6 in Invocations
  7617 | D:9      | Found a staircase to the Lair.
  7629 | D:9      | Received a gift from Okawaru
  7947 | D:9      | Found a stormy altar of Qazlal.
  7947 | D:9      | Found a white marble altar of Elyvilon.
  7948 | D:9      | Found an ancient bone altar of Kikubaaqudgha.
  7967 | D:9      | HP: 10/60 [something (27)]
  7968 | D:9      | 7968 ||| DRINKING 3 potions of heal wounds.
  7973 | D:9      | Reached skill level 9 in Dodging
  8294 | D:9      | 8294 ||| PLANNING LAIR
  8294 | D:9      | 8294 ||| DROPPING amulet of guardian spirit.
  8343 | Lair:1   | Entered Level 1 of the Lair of Beasts
  8407 | Lair:1   | Noticed Nergalle
  8408 | Lair:1   | 8408 ||| INVOKING Finesse.
  8419 | Lair:1   | HP: 9/56 [Nergalle/bolt of negative energy (47)]
  8420 | Lair:1   | 8420 ||| DRINKING 2 potions of heal wounds.
  8429 | Lair:1   | Killed Nergalle
  8505 | Lair:1   | Noticed an orange crystal statue
  8530 | Lair:1   | 8530 ||| FLEEEEING.
  8531 | Lair:1   | 8531 ||| FLEEEEING.
  8532 | Lair:1   | 8532 ||| FLEEEEING.
  8533 | Lair:1   | 8533 ||| FLEEEEING.
  8534 | Lair:1   | 8534 ||| FLEEEEING.
  8535 | Lair:1   | 8535 ||| FLEEEEING.
  8546 | Lair:1   | HP: 13/61 [komodo dragon[an orange crystal statue] (6)]
  8547 | Lair:1   | 8547 ||| DRINKING potion of heal wounds.
  8648 | Lair:1   | Noticed a cane toad
  8652 | Lair:1   | Noticed a cane toad
  8656 | Lair:1   | 8656 ||| RETREEEEATING.
  8657 | Lair:1   | 8657 ||| RETREEEEATING.
  8658 | Lair:1   | 8658 ||| RETREEEEATING.
  8659 | Lair:1   | 8659 ||| RETREEEEATING.
  8660 | Lair:1   | 8660 ||| INVOKING Finesse.
  8667 | Lair:1   | HP: 15/61 [bullfrog[an orange crystal statue] (5)]
  8677 | Lair:1   | Slain by a cane toad

Levels and vault maps discovered:
D:1:      heliophobic_arrival_henge, layout_loops_corners, chequers_garden,
          serial_bayou_pond_b
D:2:      layout_loops_corners, hellmonk_ecumenical_altar_slurped_away,
          minmay_surrounded, uniq_robin
D:3:      gammafunk_steamed_eel, layout_basic, uniq_ijyb, uniq_sigmund
D:4:      kennysheep_big_flooded_room, layout_rooms, kennysheep_mini_moat,
          nicolae_uskayaw_en_pointe, mainiacjoe_overflow_alcove_1,
          minmay_temple_entry_stoned_glass
D:5:      layout_cave_pools, hangedman_feature_mirror
D:6:      layout_rooms, mainiacjoe_overflow_concentric_impassable, serial_shops,
          nicolae_lakefront_shop, cheibrodos_sewer_entry_bend,
          minmay_misc_feat_columns, minmay_fountain_box
D:7:      layout_cave_pools, cheibrodos_worm_habitat, nicolae_overflow_squiral
D:8:      layout_basic, nicolae_hepliaklqana_hazy_memory, uniq_grum
D:9:      layout_basic, gammafunk_temple_overflow_claw, david_lair_shrubbed,
          minmay_misc_feat_rows, st_stairs_2, uniq_prince_ribbit1
Temple:   nicolae_temple_two_arcs
Lair:1:   layout_layer_cave, disabler_island, uniq_nergalle

Skill      XL: |  1  2  3  4  5  6  7  8  9 10 |
---------------+-------------------------------+-----
Ranged Weapons | 6 7 9 10 12 13 14 | 14.1
Fighting       | 2 3 5 6 |  6.6
Dodging        | 3 4 8 9 |  9.1
Armour         | 1 2 3 |  3.0
Invocations    | 1 4 7 |  7.4
Stealth        | |  1.2

Action                     |  1- 3 |  4- 6 |  7- 9 | 10-12 || total
---------------------------+-------+-------+-------+-------++-------
   Fire: Shortbow          |   133 |    82 |   483 |   204 ||   902
 Invoke: Heroism           |       |       |     2 |       ||     2
         Finesse           |       |       |       |     2 ||     2
    Use: Scroll            |     2 |     8 |     7 |       ||    17
         Potion            |     1 |       |     7 |     3 ||    11
 Armour: Leather armour    |    20 |       |       |       ||    20
         Ring mail         |     8 |    11 |   138 |    50 ||   207
  Dodge: Dodged            |    34 |    12 |   118 |    36 ||   200
  Block: Other             |       |       |    38 |    14 ||    52

Table legend:
 A = Non-vault XP
 B = Vault XP
 C = Vault XP percentage of total XP
 D = Non-vault monster count
 E = Vault monster count
 F = Vault count percentage of total count
                 A         B        C        D         E       F
            +---------+---------+-------+---------+---------+-------
      Total |    6770 |    3189 |  32.0 |     169 |      53 |  23.9
            +---------+---------+-------+---------+---------+-------
        D:1 |      43 |       7 |  14.0 |      26 |       4 |  13.3
        D:2 |      41 |      34 |  45.3 |      16 |      12 |  42.9
        D:3 |     305 |     261 |  46.1 |      16 |       2 |  11.1
        D:4 |     540 |     139 |  20.5 |      28 |       2 |   6.7
        D:5 |     493 |      16 |   3.1 |      13 |       2 |  13.3
        D:6 |     926 |       8 |   0.9 |      15 |       2 |  11.8
        D:7 |     706 |     345 |  32.8 |      24 |       4 |  14.3
        D:8 |     640 |     207 |  24.4 |       6 |       1 |  14.3
        D:9 |    2709 |    1066 |  28.2 |      24 |       5 |  17.2
     Lair:1 |     367 |     859 |  70.1 |       1 |       3 |  75.0
      Sewer |       0 |     247 | 100.0 |       0 |      16 | 100.0
            +---------+---------+-------+---------+---------+-------
